Map: Tokamak LE

Players

Flexeurs

  • Race: Zerg Zerg
  • League: Master
  • Spawn Location: 7:00

ManlyManMeat - Winner!

  • Race: Zerg Zerg
  • Spawn Location: 1:00

VOD

Have the link to the VOD?

Description

Time

  • Played on: May 14, 2025, 4:46 p.m.
  • Length: 10:08
Show
View Real Time Build Order
Export as new Build Order

Flexeurs Zerg 

Build Orders: Pool First 

Get SALT Encoding   

  12  0:05  Drone  
  13  0:08  Drone  
  14  0:18  Overlord  
  14  0:38  Drone  
  14  0:39  Drone x2  
  17  0:47  Spawning Pool  
  16  1:09  Hatchery  
  15  1:16  Drone  
  15  1:17  Drone x2  
  18  1:25  Extractor  
  17  1:30  Drone, Extractor  
  17  1:37  Queen  
  19  1:40  Zergling x2  
  20  1:53  Drone  
  21  1:58  Spine Crawler  
  20  2:08  Drone  
  21  2:22  Drone, Hatchery  
  21  2:25  Drone  
  21  2:29  Drone  
  23  2:52  Drone  
  23  2:53  Drone x3  
  27  3:08  Zergling x2  
  27  3:39  Drone x3  
  27  3:40  Drone x3  
  33  3:45  Lair  
  33  3:52  Roach Warren  
  32  3:56  Baneling Nest  
  32  4:01  Drone x2  
  33  4:04  Overlord x2  
  33  4:19  Metabolic Boost  
  33  4:22  Evolution Chamber  
  33  4:23  Drone x3  
  35  4:30  Spine Crawler  
  34  4:32  Drone x4  
  38  4:48  Roach  
  40  4:53  Roach x2  
  40  4:54  Zergling x4, Roach x2  
  50  5:03  Overlord x2  
  50  5:04  Overlord  
  50  5:14  Spine Crawler  
  49  5:15  Drone  
  50  5:22  Centrifugal Hooks  
  50  5:23  Zerg Melee Weapons Level 1  
  49  5:30  Drone x2  
  49  5:35  Extractor  
  50  5:39  Drone  
  50  5:40  Extractor  
  46  5:59  Roach x6  
  46  6:00  Roach x2  
  39  6:32  Roach x5  
  51  6:33  Roach  
  51  6:41  Zergling x2  
  51  6:42  Zergling x4  
  51  6:44  Zergling x6  
  53  7:01  Zergling x4  
  42  7:16  Queen  
  42  7:18  Zerg Missile Weapons Level 1  
  42  7:22  Overlord x3  
  44  7:33  Baneling  
  44  7:34  Baneling  
  44  7:39  Drone x3  
  44  7:40  Queen  
  44  7:43  Baneling x2  
  43  7:59  Baneling x2  
  32  8:21  Roach x2  
  32  8:22  Roach  
  38  8:29  Drone x3  
  41  8:40  Baneling x2  
  41  8:41  Baneling x3  
  30  8:55  Hatchery  
  30  8:59  Hatchery  
  30  9:00  Roach  
  30  9:01  Roach  
  26  9:12  Zergling x2  
Show
View Real Time Build Order
Export as new Build Order

ManlyManMeat Zerg - Winner!

Build Orders: Pool First 

Get SALT Encoding   

  12  0:08  Overlord  
  12  0:19  Drone x2  
  14  0:27  Drone  
  15  0:38  Drone  
  16  0:43  Spawning Pool  
  15  0:50  Drone  
  15  0:55  Extractor  
  15  0:56  Drone  
  16  1:02  Drone  
  17  1:14  Drone  
  18  1:21  Hatchery  
  18  1:24  Drone  
  18  1:36  Queen  
  20  1:47  Overlord  
  20  1:50  Drone  
  21  1:58  Metabolic Boost  
  21  2:12  Zergling x4  
  23  2:17  Queen  
  25  2:28  Evolution Chamber  
  25  2:29  Drone x2  
  26  2:44  Drone x2  
  26  2:45  Drone  
  26  2:49  Overlord  
  31  2:51  Drone x2  
  31  2:59  Zerg Melee Weapons Level 1  
  31  3:01  Overlord  
  31  3:07  Zergling x4  
  32  3:30  Drone x5  
  36  3:41  Zergling x2  
  37  3:43  Queen  
  37  3:46  Zergling x2  
  40  3:51  Overlord  
  40  3:53  Zergling x4  
  40  3:54  Zergling x2  
  43  4:09  Queen  
  45  4:19  Baneling Nest  
  44  4:27  Zergling x16  
  52  4:50  Overlord x2  
  52  4:51  Overlord  
  52  4:53  Zerg Ground Armor Level 1  
  52  4:59  Overlord  
  52  5:00  Overlord  
  52  5:13  Zergling x8  
  55  5:18  Baneling x6  
  55  5:19  Baneling x3  
  55  5:36  Zergling x2  
  55  5:37  Zergling x14  
  55  5:42  Hatchery  
  49  6:14  Zergling x2  
  49  6:15  Zergling x10  
  49  6:40  Zergling x8  
  48  7:08  Zergling x20  
  49  7:19  Zergling x2  
  49  7:20  Zergling x4  
  49  7:21  Zergling x4  
  54  7:38  Zergling x20  
  64  7:46  Lair  
  62  8:04  Zergling x14  
  62  8:05  Zergling x12  
  61  8:19  Zergling x12  
  55  8:47  Zergling x2  
  55  8:48  Zergling x18  
  57  9:01  Zergling x16  
  59  9:06  Zergling x2  
  59  9:07  Zergling x6  
Tags
 
League
Master
Matchup
ZvZ
Race
Zerg
Replay Pack
Multiplayer
Spawn Locations
Cross Positions
Add a new tag
Caveats
  • Supply blocks, unpowered buildings, or Contaminate may cause inaccurate times.
  • Supply counts are checked every 10 seconds.